 Dungeon Crawl Stone Soup version 0.30.1-11-g7821555f0a (webtiles) character file.

Game seed: 6628117867068795235

205 bnorton916 the Firebug (level 5, 0/28 HPs)
             Began as a Deep Elf Fire Elementalist on Dec 4, 2023.
             Slain by Ijyb
             ... wielding a +0 club
              (5 damage)
             ... on level 4 of the Dungeon.
             The game lasted 00:04:47 (4204 turns).

bnorton916 the Firebug (Deep Elf Fire Elementalist) Turns: 4204, Time: 00:04:48

Health: 0/28       AC:  4    Str:  5    XL:     5   Next: 53%
Magic:  8/12       EV: 12    Int: 22    God:
Gold:   125        SH:  0    Dex: 15    Spells: 5/11 levels left

rFire   . . .        t - +1 short sword (venom)
rCold   . . .        (no shield)
rNeg    . . .        a - +0 robe
rPois   .            j - +0 helmet
rElec   .            (no cloak)
rCorr   .            (no gloves)
SInv    .            o - +0 pair of boots
Will    .....        (no amulet)
Stlth   ++           k - ring of wizardry
HPRegen 0.24/turn    (no ring)
MPRegen 0.13/turn

%: wizardry (x1)
@: no status effects
A: no striking features
a: no special abilities


You were on level 4 of the Dungeon.
You visited 1 branch of the dungeon, and saw 4 of its levels.

You collected 125 gold pieces.

Inventory:

Hand Weapons
 r - a +3 dagger
 t - a +1 short sword of venom (weapon)
Missiles
 f - a throwing net
 m - 3 javelins
Armour
 a - a +0 robe (worn)
 d - a +2 leather armour of willpower
 j - a +0 helmet (worn)
 l - the +1 leather armour of Xeyras {rCorr}
   (You found it on level 2 of the Dungeon)

   rCorr:     It protects you from acid and corrosion.
 o - a +0 pair of boots (worn)
Jewellery
 k - a ring of wizardry (left hand)
Scrolls
 c - 2 scrolls of vulnerability {unknown}
 e - 3 scrolls of teleportation {unknown}
 h - a scroll of poison {unknown}
 i - a scroll of identify {unknown}
 n - a scroll of enchant armour {unknown}
 p - a scroll of magic mapping {unknown}
 q - a scroll of silence {unknown}
 s - a scroll of immolation {unknown}
Potions
 b - a potion of magic
 g - 3 potions of invisibility {unknown}


   Skills:
 + Level 2.9 Armour
 - Level 2.4 Dodging
 - Level 2.4 Stealth
 - Level 3.9 Spellcasting
 - Level 2.3 Conjurations
 - Level 2.0 Translocations
 - Level 3.9 Fire Magic


You had 5 spell levels left.
You knew the following spells:

 Your Spells              Type           Power      Damage    Failure   Level
a - Foxfire               Conj/Fire      72%        2x1d7     1%          1
b - Scorch                Fire           42%        2d6       1%          2
c - Volatile Blastmotes   Fire/Tloc      34%        2d12      4%          3

Your spell library contained the following spells:

 Spells                   Type           Power      Damage    Failure   Level
 Inner Flame              Hex/Fire       13%        N/A       6%          3
 Flame Wave               Conj/Fire      18%        2d7       12%         4


Dungeon Overview and Level Annotations

Branches:
Dungeon (4/15)
 Temple: D:4-7

Altars:
Okawaru

Annotations:
D:4 1 runed translucent door, Crazy Yiuf, Ijyb


Message History

Casting: Foxfire (safe; 1% risk of failure)
Confirm with . or Enter, or press ? or * to list all spells.
You conjure some foxfire!
The foxfire hits Ijyb but does no damage.
The foxfire hits Ijyb.
Ijyb is lightly wounded.
Ijyb zaps a wand.
The bolt of dispelling energy hits you!!
Ouch! That really hurt!
* * * LOW HITPOINT WARNING * * *
You aren't carrying any items that you can evoke.
Unknown command.
Casting: Foxfire (safe; 1% risk of failure)
Confirm with . or Enter, or press ? or * to list all spells.
You conjure some foxfire!
The foxfire hits Ijyb but does no damage.
Ijyb is lightly wounded.
The foxfire hits Ijyb but does no damage.
Ijyb is lightly wounded.
Ijyb drinks a potion.
Ijyb goes berserk!
Unknown command.
Casting: Foxfire (safe; 1% risk of failure)
Confirm with . or Enter, or press ? or * to list all spells.
You conjure some foxfire!
Ijyb rages.
The foxfire hits Ijyb but does no damage.
Ijyb is lightly wounded.
The foxfire hits Ijyb but does no damage.
Ijyb is lightly wounded.
Ijyb barely misses you.
Unknown command.
Casting: Foxfire (safe; 1% risk of failure)
Confirm with . or Enter, or press ? or * to list all spells.
Flames lash Ijyb.
Ijyb is lightly wounded.
Ijyb's fire resistance burns away.
Ijyb closely misses you. Ijyb hits you with a +0 club.
* * * LOW HITPOINT WARNING * * *
Ijyb hits you with a +0 club.
You die...

.........#### ...
........## ##..###
.......## ......#
.....)## ....).#
......### ##......#
#####...# #.......#
###.### ##......:#
#...# #........#
..### ###.#
#@g....###
.....####.#
####.####.#
...#...##.###.<..##
#
.....#....†..)....#
.....)............#
.....#............#
..................#
P.♣PP..........#.##
♣♣♣.........#..#.#


You could see Ijyb (berserk, combustible).

Vanquished Creatures
  3 hounds (D:4)
  4 adders
  A gnoll (D:4)
  2 worms (D:2)
  2 dart slugs
  3 ball pythons
  3 endoplasms
  A giant cockroach (D:2)
  6 goblins
  8 hobgoblins
  3 quokkas
  5 bats
  2 frilled lizards (D:1)
  8 kobolds
  11 rats
62 creatures vanquished.

Vanquished Creatures (collateral kills)
  10 foxfires (D:1)
10 creatures vanquished.

Vanquished Creatures (others)
  305 foxfires
305 creatures vanquished.

Grand Total: 377 creatures vanquished

Notes
Turn   | Place    | Note
-------+----------+-------------------------------------------
     0 | D:1      | bnorton916 the Deep Elf Fire Elementalist began the quest
                  | for the Orb.
     0 | D:1      | Reached XP level 1. HP: 10/10 MP: 6/6
   354 | D:1      | Reached XP level 2. HP: 15/15 MP: 2/8
   448 | D:1      | Found a faded altar of an unknown god.
  1483 | D:1      | Learned a level 2 spell: Scorch
  1561 | D:1      | Reached XP level 3. HP: 19/19 MP: 6/10
  2332 | D:2      | Identified the +1 leather armour of Xeyras {rCorr}
  2338 | D:2      | Learned a level 3 spell: Volatile Blastmotes
  2888 | D:2      | Reached skill level 1 in Armour
  2888 | D:2      | Reached XP level 4. HP: 20/24 MP: 9/11
  3186 | D:3      | Found an iron altar of Okawaru.
  3283 | D:3      | Reached skill level 1 in Translocations
  3550 | D:3      | Noticed a black bear
  3591 | D:4      | Reached XP level 5. HP: 13/28 MP: 0/12
  3897 | D:4      | Found a runed translucent door.
  3898 | D:4      | Noticed Crazy Yiuf
  4194 | D:4      | Noticed Ijyb
  4204 | D:4      | Slain by Ijyb

Illustrated notes

Levels and vault maps discovered:
D:1:      lightli_arrival_windingriver, layout_basic,
          dreamdust_ecumenical_altar_grove, chequers_serial_rivers_small_a
D:2:      layout_loops_ring, minmay_goblin_outpost
D:3:      due_chaos_kobolds, layout_loops_cross,
          grunt_temple_overflow_gold_and_silver, xom_redecorated,
          mainiacjoe_overflow_small_starburst, dk_noncrumbling_4, uniq_sigmund
D:4:      layout_rooms, serial_forest, infiniplex_forest_end_1,
          infiniplex_forest_clump_C, infiniplex_forest_clump_curved,
          infiniplex_forest_straight_2, infiniplex_forest_lined_1,
          infiniplex_forest_pool, infiniplex_forest_clump_curved,
          nicolae_nh_ransacked_shop, uniq_crazy_yiuf_cottage, uniq_edmund,
          uniq_ijyb

Skill      XL: |  1  2  3  4 |
---------------+-------------+-----
Conjurations   | 2 |  2.3
Armour         | 1 2 |  2.9
Translocations | 2 |  2.0
Dodging        | |  2.4
Stealth        | |  2.4
Spellcasting   | |  3.9
Fire Magic     | |  3.9

Action                     |  1- 3 |  4- 6 || total
---------------------------+-------+-------++-------
  Melee: Unarmed           |     2 |       ||     2
         Short sword       |       |     3 ||     3
   Cast: Foxfire           |   138 |    45 ||   183
         Scorch            |     3 |     7 ||    10
 Armour: Robe              |    13 |     9 ||    22
  Dodge: Dodged            |    32 |    22 ||    54
